 Dungeon Crawl Stone Soup version 0.15.1-3-g1b33baa (webtiles) character file.

602 Johnny the Chiller (level 6, 0/50 HPs)
             Began as a Demigod Ice Elementalist on Oct 5, 2014.
             Slain by a centaur zombie (1 damage)
             ... in an ossuary.
             The game lasted 00:12:44 (4121 turns).

Johnny the Chiller (Demigod Ice Elementalist)       Turns: 4121, Time: 00:12:44

HP   0/50        AC  8     Str 12      XL: 6   Next: 97%
MP  17/17        EV  9     Int 21 (22) God:
Gold 134         SH  0     Dex 17      Spells:  2 memorised,  6 levels left

rFire  . . .     SeeInvis .     q - +3 spear
rCold  . . .     Clarity  .     d - +0 ring mail
rNeg   . . .     rCorr    .     (no shield)
rPois  .         rRot     .     x - +0 helmet (curse)
rElec  .         Spirit   .     B - +0 cloak
SustAb .         Warding  .     y - +0 pair of gloves (curse)
rMut   .         Stasis   .     (no boots)
Gourm  .                        (no amulet)
MR     .....                    (no ring)
                                (no ring)

@: lethally poisoned, flying, very slightly contaminated, hasted, very quick,
not resistant to hostile enchantments, unstealthy
A: no striking features
a: no special abilities


You were in an ossuary.
You were very hungry.

You visited 1 branch of the dungeon, and saw 5 of its levels.
You also visited: Sewer and Ossuary.

You collected 134 gold pieces.

Inventory:

Hand weapons
 q - a +3 spear (weapon)
Armour
 d - a +0 ring mail (worn)
 x - a cursed +0 helmet (worn)
 y - a cursed +0 pair of gloves (worn)
 B - a +0 cloak (worn)
Magical devices
 C - a wand of polymorph (9)
Comestibles
 c - 4 bread rations
 w - a beef jerky
Scrolls
 g - 7 scrolls of identify {unknown}
 i - 2 scrolls of random uselessness {unknown}
 k - a scroll of torment {unknown}
 o - a scroll of remove curse {unknown}
 p - a scroll of immolation {unknown}
 r - a scroll of enchant armour {unknown}
 s - a scroll of blinking {unknown}
 t - 2 scrolls of magic mapping {unknown}
 v - 2 scrolls of fear {unknown}
Jewellery
 f - a cursed +5 ring of intelligence {unknown}
 l - an uncursed ring of flight {unknown}
Potions
 e - a potion of cancellation
 j - a potion of haste
 u - a potion of poison
Books
 b - a book of Frost

   Spells                             Type                      Level
   *Freeze                            Ice                          1
   Throw Frost                        Conjuration/Ice              2
   Ozocubu's Armour                   Charms/Ice                   3
   Throw Icicle                       Conjuration/Ice              4
   *Summon Ice Beast                  Ice/Summoning                4
   Condensation Shield                Ice                          4
 D - a book of Unlife

   Spells                             Type                      Level
   Recall                             Summoning/Translocation      3
   Animate Dead                       Necromancy                   4
   Control Undead                     Necromancy                   4
   Twisted Resurrection               Necromancy                   5
   Death Channel                      Necromancy                   6
   Simulacrum                         Ice/Necromancy               6


   Skills:
 * Level 2.4 Fighting
 + Level 1.7 Armour
 + Level 2.8 Dodging
 * Level 3.7 Stealth
 * Level 3.2 Spellcasting
   Level 0.8 Conjurations
 * Level 2.0 Summonings
 * Level 3.8 Ice Magic
 * Level 0.2 Evocations


You had 6 spell levels left.
You knew the following spells:

 Your Spells              Type           Power        Failure   Level  Hunger
a - Freeze                Ice            ###.         4%          1    None
b - Summon Ice Beast      Ice/Summ       ###.....     65%         4    ####...


Dungeon Overview and Level Annotations

Branches:
Dungeon (5/15)             Temple (0/1) D:4

Annotations:
D:4 mess' ghost, experienced FoFi


Message History

Drink which item? (? for menu, Esc to quit)
You feel very buoyant.
You fly up into the air.
It was a potion of flight.
The centaur zombie barely misses you.
Drink which item? (? for menu, Esc to quit)
There was something very wrong with that liquid!
You feel dopey.
It was a potion of degeneration.
* * * LOW HITPOINT WARNING * * *
You feel sick.
The centaur zombie completely misses you.
Read which item? (? for menu, Esc to quit)
Okay, then.
You are too injured to fight recklessly!
You are too injured to fight recklessly!
You are too injured to fight recklessly!
You hit the centaur zombie.
* * * LOW HITPOINT WARNING * * *
You feel sick. The centaur zombie hits you.
You die...

#...######..######...#
#...# #..#....#...#
#...# #..#..#.#...#
#...#.####..####.#...#
#...#............#...#
#...#.####.......#...#
#...# #.......#...#
#...# #.......#...#
#...# #.∩.@...#...#
#...#........Z####...#
#...# ####...#Z #...#
#...# #...#ZZ #...#
#...##############...#
#....................#
#.........∩∩.........#
######################


You could see 2 jackal zombies, a big kobold zombie and a centaur zombie.

Vanquished Creatures
  Purgy (Sewer)
  3 hounds
  A human zombie (Ossuary)
  2 orc priests (D:4)
  3 orc wizards (D:4)
  A big kobold zombie (Ossuary)
  2 mummies (Ossuary)
  6 adders
  2 green rats (D:3)
  A giant mite (D:3)
  A worm (D:2)
  An adder zombie (Ossuary)
  4 oozes
  11 orcs
  6 giant cockroaches
  5 hobgoblins
  4 jackals (D:4)
  8 kobolds
  13 bats
  A giant gecko (D:2)
  4 giant newts
  8 goblins
  14 hobgoblin zombies (Ossuary)
  2 jackal zombies (Ossuary)
  8 kobold zombies (Ossuary)
  An orc skeleton (D:4)
  5 orc zombies (Ossuary)
  7 rats
125 creatures vanquished.

Notes
Turn   | Place    | Note
--------------------------------------------------------------
     0 | D:1      | Johnny, the Demigod Ice Elementalist, began the quest for the Orb.
     0 | D:1      | Reached XP level 1. HP: 14/14 MP: 3/3
   382 | D:1      | Reached XP level 2. HP: 8/22 MP: 4/4
  1126 | D:2      | Reached XP level 3. HP: 15/27 MP: 3/8
  1276 | D:2      | Reached skill level 3 in Ice Magic
  1725 | D:3      | Reached skill level 1 in Armour
  2175 | D:3      | Reached XP level 4. HP: 21/34 MP: 7/10
  2177 | D:3      | Reached skill level 1 in Fighting
  2187 | D:3      | Found a glowing drain.
  2191 | Sewer    | Entered a sewer
  2264 | Sewer    | Noticed Purgy
  2303 | Sewer    | Killed Purgy
  2303 | Sewer    | Reached XP level 5. HP: 10/41 MP: 0/12
  2309 | Sewer    | Learned a level 4 spell: Summon Ice Beast
  2781 | D:4      | Reached skill level 1 in Summonings
  2823 | D:4      | Reached XP level 6. HP: 39/48 MP: 11/15
  2904 | D:4      | Noticed mess' ghost (experienced FoFi)
  2990 | D:4      | Found a staircase to the Ecumenical Temple.
  3710 | D:5      | Entered Level 5 of the Dungeon
  3722 | D:5      | Found a sand-covered staircase.
  3745 | Ossuary  | Entered an ossuary
  4120 | Ossuary  | HP: 2/50 [poison (a potion of poison)]
  4121 | Ossuary  | Slain by a centaur zombie

Action                   |  1- 3 |  4- 6 || total
-------------------------+-------+-------++-------
Melee: Mace              |    97 |       ||    97
       Club              |     7 |       ||     7
       Unarmed           |     1 |       ||     1
       Spear             |    12 |   224 ||   236
 Cast: Freeze            |    49 |    78 ||   127
Evoke: Wand              |       |     1 ||     1
  Use: Potion            |       |    13 ||    13
 Stab: Sleeping          |     3 |       ||     3
       Invisible         |       |     2 ||     2
  Eat: Chunk             |     1 |     4 ||     5
       Meat ration       |     1 |       ||     1
